 Dungeon Crawl Stone Soup version 0.29.0-11-gd7f09526c8 (webtiles) character file.

Game seed: 6158380282157484110

1009 Armakuni the Cruncher (level 7, -2/56 HPs)
             Began as a Demigod Delver on Sept 2, 2022.
             Slain by Pikel
             ... wielding a +2 whip of electrocution
              (11 damage)
             ... on level 6 of the Dungeon.
             The game lasted 00:17:00 (7693 turns).

Armakuni the Cruncher (Demigod Delver)              Turns: 7693, Time: 00:17:01

Health: -2/56      AC:  8    Str: 17 (19) XL:     7   Next: 69%
Magic:  3/3        EV: 11    Int: 15 (16) God:
Gold:   326        SH:  0    Dex: 16 (19) Spells: 6/6 levels left

rFire   . . .      SeeInvis .   a - +4 trident of Bong {antimagic, Str+2 Dex+4 Stlth+}
rCold   . . .      Faith    .   (no shield)
rNeg    . . .      Spirit   .   h - +0 ring mail
rPois   +          Reflect  .   (no helmet)
rElec   .          Harm     .   g - +1 cloak
rCorr   .          Rampage  .   r - +0 pair of gloves
Will    .....                   (no boots)
Stlth   +++.......              (no amulet)
HPRegen 0.18/turn               P - ring of poison resistance
MPRegen 0.08/turn               (no ring)

@: about to teleport
A: high MP 1, forlorn, divine attributes
a: no special abilities


You were on level 6 of the Dungeon.
You visited 1 branch of the dungeon, and saw 6 of its levels.

You collected 326 gold pieces.

Inventory:

Hand Weapons
 a - the +4 trident of Bong (weapon) {antimagic, Str+2 Dex+4 Stlth+}
   (You found it on level 5 of the Dungeon)

   It reduces the magical energy of the wielder, and disrupts the spells and
   magical abilities of those it strikes.
   Natural abilities and divine invocations are not affected.
   Str:       It affects your strength (+2).
   Dex:       It affects your dexterity (+4).
   Stlth:     It makes you more stealthy.
 t - a +0 flail
 u - a +1 mace
Armour
 g - a +1 cloak (worn)
 h - a +0 ring mail (worn)
 r - a +0 pair of gloves (worn)
Magical Staves
 s - a staff of death
 B - a staff of earth
Jewellery
 P - a ring of poison resistance (left hand)
Wands
 k - a wand of digging (3)
 v - a wand of flame (3)
Scrolls
 c - 2 scrolls of fog
 d - 2 scrolls of magic mapping
 j - 4 scrolls of enchant weapon
 l - a scroll of immolation
 n - a scroll of blinking
 q - 3 scrolls of enchant armour
 A - 2 scrolls of vulnerability
 X - a scroll of brand weapon
Potions
 b - a potion of mutation
 f - a potion of haste
 i - 3 potions of magic
 o - a potion of resistance {unknown}
 w - a potion of curing
 x - 2 potions of ambrosia {unknown}
 y - a potion of might {unknown}


   Skills:
 - Level 2.6 Fighting
 - Level 1.7(5.6) Maces & Flails
 + Level 8.4(8.5) Staves
 - Level 1.7 Dodging
 - Level 4.5 Stealth


You had 6 spell levels left.
You didn't know any spells.
Your spell library contained the following spells:

 Spells                   Type           Power      Damage    Failure   Level
 Ozocubu's Armour         Ice            0%         N/A       83%         3
 Hailstorm                Conj/Ice       0%         3d3       99%         4
 Ice Form                 Ice/Tmut       0%         N/A       99%         4
 Simulacrum               Ice/Necr       0%         N/A       100%        6
 Ozocubu's Refrigeration  Ice            0%         4d7       100%        7


Dungeon Overview and Level Annotations

Branches:
Dungeon (6/15)
 Temple: D:4-7

Shops:
D:3 [   D:5 =*(

Annotations:
D:4 1 transporter, sentinel's ghost, amateur MeVM
D:5 1 runed translucent door, Plorgh's ghost, amateur OgWr
D:6 Pikel


Innate Abilities, Weirdness & Mutations

You have an increased reservoir of magic. (+10% MP)
You shall have no god before yourself.
Your divine heritage dramatically boosts your attributes as you level up.


Message History

You hit the lemure.
You kill the lemure!
That felt strangely unrewarding.
No target in view!
You start resting.
HP restored.
Pikel, Merchant of Souls comes into view.
He is wielding a +2 whip of electrocution and carrying a wand of mindburst (10).
Okay, then.
Aiming: Throw Flame
Press: ? - help, Shift-Dir - straight line, f - Pikel
Aim: Pikel, wielding a +2 whip of electrocution, wearing a +0 robe and carrying a wand of mindburst (10) (asleep, 100% to hit)
The puff of flame hits Pikel.
Pikel is lightly wounded.
Pikel shouts!
You start waiting.
Pikel is nearby! 2 lemures come into view.
The lemure shouts!
You hear a shout!
Okay, then.
Okay, then.
Okay, then.
It was a potion of degeneration.
There was something very wrong with that liquid.
You feel weakened.
You feel dopey.
You feel clumsy.
Pikel hits you with a +2 whip of electrocution.
You are electrocuted!!
An ogre comes into view. It is wielding a +0 giant spiked club.
As you read the scroll of teleportation, it crumbles to dust.
You feel strangely unstable.
Pikel hits you with a +2 whip of electrocution.
You are electrocuted!!
* * * LOW HITPOINT WARNING * * *
Pikel attacks as you move away!
Pikel hits you with a +2 whip of electrocution.
* * * LOW HITPOINT WARNING * * *
You feel better.
Pikel hits you with a +2 whip of electrocution.
* * * LOW HITPOINT WARNING * * *
You are electrocuted!
You die...

...##..#..####.....##...# #....#.
.#.##.##..###......###..###....#.
.#.#...#...###......##..##...#...
......#....###...............#...
..................##........##.##
(..........#......#....#...###..#
..........#####...#......>..#....
...........####........#.........
...........#....@K5....##........
..#.............##...............
###.##......######......##.......
.#..........# ........###.....
............. .5...... #.....
........(... ..##... #.....
........... O..5... ....#.
......#.... ...# ## .####
##.#..#....


You could see Pikel and a lemure.

Vanquished Creatures
  A centaur (D:5)
  2 phantoms (D:5)
  2 lemures
  A bullfrog (D:6)
  A scorpion (D:6)
  3 wights (D:5)
  2 orc priests (D:5)
  A hound (D:5)
  2 orc wizards (D:6)
  Natasha (D:3)
  2 iguanas
  8 adders
  A shadow imp (D:3)
  An ufetubus (D:4)
  4 worms
  5 dart slugs
  7 orcs
  5 ball pythons
  6 bats
  3 endoplasms
  3 giant cockroaches
  6 goblins
  5 hobgoblins
  5 jackals (D:1)
  4 kobolds
  A quokka (D:1)
  2 frilled lizards
  A rat (D:2)
85 creatures vanquished.

Vanquished Creatures (collateral kills)
  Edmund (D:6)
1 creature vanquished.

Grand Total: 86 creatures vanquished

Notes
Turn   | Place    | Note
-------+----------+-------------------------------------------
     0 | D:5      | Armakuni the Demigod Delver began the quest for the Orb.
     0 | D:5      | Reached XP level 1. HP: 18/18 MP: 3/3
    34 | D:5      | Found Xaal Tutz's General Store.
    35 | D:5      | Found Maosaheh's Jewellery Emporium.
    37 | D:5      | Noticed an iguana
   196 | D:3      | Reached skill level 1 in Staves
   196 | D:3      | Reached XP level 2. HP: 25/25 MP: 4/4
   216 | D:3      | Reached skill level 2 in Staves
   468 | D:2      | Reached XP level 3. HP: 22/30 MP: 5/5
   927 | D:2      | Reached skill level 3 in Staves
  2095 | D:2      | Reached XP level 4. HP: 36/37 MP: 6/6
  3179 | D:3      | Reached skill level 4 in Staves
  3549 | D:3      | Found Nizemn's Antique Armour Shop.
  3551 | D:3      | Noticed Natasha
  3559 | D:3      | Killed Natasha
  3847 | D:5      | Reached XP level 5. HP: 41/42 MP: 7/7
  4356 | D:4      | Noticed sentinel's ghost (amateur MeVM)
  4357 | D:4      | Found a transporter.
  4358 | D:4      | Noticed an ogre
  4358 | D:4      | Noticed an ogre
  4360 | D:4      | Identified the +6 great mace "Ovek" {holy, rN+ Int+4}
  4360 | D:4      | Noticed an ogre
  4474 | D:4      | Reached skill level 5 in Staves
  4576 | D:5      | Noticed a centaur
  4587 | D:5      | Killed a centaur
  4588 | D:5      | Reached XP level 6. HP: 50/50 MP: 8/8
  4610 | D:5      | Reached skill level 6 in Staves
  5286 | D:5      | Found a runed translucent door.
  5287 | D:5      | Noticed Plorgh's ghost (amateur OgWr)
  6000 | D:5      | Found Lumofo's Weapon Emporium.
  6177 | D:5      | Reached skill level 7 in Staves
  6177 | D:5      | Reached XP level 7. HP: 56/56 MP: 9/9
  6614 | D:5      | Identified the +4 trident of Bong {antimagic, Str+2 Dex+4
                  | Stlth+}
  6810 | D:6      | Noticed Edmund
  6845 | D:6      | Killed Edmund
  7111 | D:6      | Reached skill level 8 in Staves
  7683 | D:6      | Noticed Pikel
  7693 | D:6      | Slain by Pikel

Illustrated notes

Levels and vault maps discovered:
D:1:      dpeg_arrival_line_fractal, layout_loops_corners
D:2:      minmay_diamond_boxcup, layout_basic, glass_columns_a,
          serial_park_tiny_pond
D:3:      layout_loops_cross, serial_shops, nicolae_shop_advertising_works
          [nicolae_subvault_shop_adworks], uniq_natasha
D:4:      layout_loops_ring, mainiacjoe_overflow_concentric_impassable,
          gammafunk_ghost_smash
D:5:      layout_layer_cave, serial_shops, shop_statue,
          nicolae_shop_temple_entry_statues_fountains, shop,
          gammafunk_ghost_grave
D:6:      layout_cave_pools, nicolae_overflow_hallway_of_the_gods, uniq_edmund,
          uniq_pikel

Skill      XL: |  1  2  3  4  5  6  7 |
---------------+----------------------+-----
Staves         | 1 2 3 4 5 7 8 |  8.4
Fighting       | |  2.6
Maces & Flails | |  1.7
Dodging        | |  1.7
Stealth        | |  4.5

Action                   |  1- 3 |  4- 6 |  7- 9 || total
-------------------------+-------+-------+-------++-------
Melee: Mace              |   166 |   167 |    13 ||   346
       Punch             |     3 |       |     1 ||     4
       Trident           |       |       |    57 ||    57
Throw: Dart              |       |     5 |     1 ||     6
       Throwing net      |       |       |     2 ||     2
Evoke: Wand              |       |    19 |     5 ||    24
  Use: Scroll            |     6 |     8 |     4 ||    18
       Potion            |       |       |     2 ||     2
 Stab: Sleeping          |     5 |     4 |     1 ||    10
Armor: Ring mail         |    93 |    72 |    26 ||   191
       Leather armour    |     1 |       |       ||     1
Dodge: Dodged            |   125 |    90 |    24 ||   239
